[Event "Titled Tuesday Blitz February 07 Late 2023"]
[White "Talbi, Chafik"]
[Black "Forgacs, Attila Jr."]
[WhiteFideId "7903715"]
[BlackFideId "773654"]
[WhiteElo "2224"]
[BlackElo "2264"]
[Result "0-1"]
[Round "11"]
[TimeControl "180+2"]
[Date "2023.02.07"]
[WhiteClock "0:00:01"]
[BlackClock "0:00:20"]

1. e4 e5 2. Nf3 Nc6 3. Bb5 a6 4. Ba4 Nf6 5. d3 d6 6. c3 g6 7. h3 Bg7 8. Be3 O-O 9. Nbd2 b5 10. Bb3 Nb8 11. a4 Bb7 12. axb5 axb5 13. Rxa8 Bxa8 14. O-O c5 15. Qa1 Nbd7 16. Qa6 Qb6 17. Ra1 Bb7 18. Qxb6 Nxb6 19. Ra7 Rb8 20. Ng5 Nc8 21. Ra5 c4 22. dxc4 h6 23. Ngf3 bxc4 24. Bxc4 Nxe4 25. Nxe4 Bxe4 26. Nd2 Bc6 27. b4 Ne7 28. Ra7 Kf8 29. Ba2 f5 30. f3 g5 31. Nb3 Bd5 32. Na5 Bxa2 33. Rxe7 Kxe7 34. Nc6+ Kd7 35. Nxb8+ Kc7 36. Na6+ Kb7 37. b5 Bc4 38. Nb4 Bxb5 39. Kf2 e4 40. Bd4 Bxd4+ 41. cxd4 exf3 42. Kxf3 Bc4 43. h4 Kc7 44. hxg5 hxg5 45. Nc2 Kd7 46. Ne3 Bd3 47. g4 Be4+ 48. Kf2 f4 49. Nc4 Ke6 50. Nd2 Bc2 51. Nf3 Kf6 52. Ke2 Ba4 53. Kd3 Bd1 54. Nd2 Bxg4 55. Ne4+ Ke6 56. Nxg5+ Kf5 57. Nf7 d5 58. Ne5 Kg5 59. Nf7+ Kh4 60. Ne5 Kg3 61. Kd2 f3 62. Ke3 f2 63. Nxg4 f1=Q 64. Ne5 Qf4+ 0-1


[Site "https://www.chess.com"]

[Event "Titled Tuesday Blitz February 07 Late 2023"]
[White "Garcia Almaguer, Juan Manuel"]
[Black "Jeziel_Vale"]
[WhiteFideId "5110491"]
[WhiteElo "2090"]
[BlackElo "2276"]
[Result "1/2-1/2"]
[Round "11"]
[TimeControl "180+2"]
[Date "2023.02.07"]
[WhiteClock "0:00:20"]
[BlackClock "0:00:04"]

1. e4 c5 2. Nc3 a6 3. d4 cxd4 4. Qxd4 Nc6 5. Qd2 Nf6 6. b3 e6 7. Bb2 Bb4 8. f3 d5 9. exd5 Nxd5 10. O-O-O O-O 11. Bc4 Nxc3 12. Bxc3 Qa5 13. Bxb4 Nxb4 14. c3 Nxa2+ 15. Kb2 b5 16. Bd5 exd5 17. Ra1 b4 18. Rxa2 bxc3+ 19. Qxc3 Qxc3+ 20. Kxc3 Be6 21. Ne2 Rfc8+ 22. Kd2 d4 23. Nxd4 Rd8 24. Ke3 Rac8 25. Nxe6 fxe6 26. Rxa6 Rc3+ 27. Kf4 Rxb3 28. Rxe6 Rd2 29. Rg1 Rbb2 30. Kg3 h6 31. h4 Kh7 32. h5 Ra2 33. Re5 Rab2 34. Kh3 Rf2 35. Rf5 Ra2 36. g4 Rh2+ 37. Kg3 Rhe2 38. Rb1 Rg2+ 39. Kf4 Ra4+ 40. Ke3 Ra3+ 41. Kd4 Ra4+ 42. Kc3 Rg3 43. Rb3 Ra7 44. Kd4 Rd7+ 45. Ke5 Re7+ 46. Kd6 Ra7 47. Re3 Rg1 48. Rd5 Rga1 49. Red3 R1a6+ 50. Ke5 Re7+ 51. Kf4 Rf6+ 52. Kg3 Ref7 53. R5d4 Rf8 54. Rc3 Kh8 55. Rb4 Kh7 56. f4 Rd8 57. g5 hxg5 58. fxg5 Rf5 59. Rg4 Rdd5 60. Kh4 Rd1 61. Rh3 Rff1 62. h6 gxh6 63. Kh5 Rf5 64. Kh4 Rxg5 65. Rxg5 hxg5+ 66. Kxg5+ Kg7 67. Rf3 Rd7 68. Rf5 Rf7 69. Rc5 Kf8 70. Rc6 Ke7 71. Kg6 Rf2 72. Rb6 Kd7 73. Ra6 Kc7 74. Rf6 Rxf6+ 75. Kxf6 1/2-1/2


[Site "https://www.chess.com"]

[Event "Titled Tuesday Blitz February 07 Late 2023"]
[White "Volkmann, Andre Jordi"]
[Black "Battlecruiser_Operational"]
[WhiteFideId "2154463"]
[WhiteElo "2158"]
[BlackElo "2371"]
[Result "0-1"]
[Round "11"]
[TimeControl "180+2"]
[Date "2023.02.07"]
[WhiteClock "0:00:04"]
[BlackClock "0:00:08"]

1. d4 Nf6 2. c4 a6 3. Nc3 b5 4. cxb5 axb5 5. Nxb5 e5 6. e3 Bb7 7. dxe5 Ne4 8. Nf3 Bb4+ 9. Bd2 Nxd2 10. Nxd2 O-O 11. Qg4 Nc6 12. Nc3 Bxc3 13. bxc3 Nxe5 14. Qg3 Qe7 15. Be2 Qc5 16. O-O Qxc3 17. Nb3 d6 18. Nd4 Qa5 19. Rac1 Rfe8 20. Rc2 Be4 21. Rb2 c5 22. Nf3 Qc3 23. Rb3 Qc2 24. Nxe5 Qxe2 25. Ng4 Bg6 26. h3 d5 27. Ne5 d4 28. exd4 cxd4 29. Nxg6 hxg6 30. a3 Rad8 31. Rd3 Qb2 32. Rfd1 Re2 33. Qf4 Qc2 34. Rxd4 Qxd1+ 35. Rxd1 Rxd1+ 36. Kh2 Rd8 37. Qc7 Ra8 38. Qc5 Re6 39. a4 Rea6 40. f4 Rxa4 41. Qc6 R4a6 42. Qb7 Ra2 43. h4 Re8 44. Kh3 Re3+ 45. g3 Raa3 46. Qb8+ Kh7 47. f5 Rxg3+ 48. Qxg3 Rxg3+ 49. Kxg3 gxf5 50. Kf4 g6 51. Kg5 Kg7 52. h5 f6+ 53. Kf4 gxh5 54. Kxf5 Kh6 55. Kxf6 h4 0-1


[Site "https://www.chess.com"]

[Event "Titled Tuesday Blitz February 07 Late 2023"]
[White "Prieto Aranguren, Alain"]
[Black "Tobares, Leandro"]
[WhiteFideId "2268906"]
[BlackFideId "106402"]
[WhiteElo "2258"]
[BlackElo "2189"]
[Result "0-1"]
[Round "11"]
[TimeControl "180+2"]
[Date "2023.02.07"]
[WhiteClock "0:00:31"]
[BlackClock "0:00:30"]

1. e4 c5 2. Bd3 Nc6 3. Ne2 e5 4. O-O Nf6 5. Ng3 d6 6. Re1 g6 7. Bf1 Bg7 8. c3 O-O 9. d3 Rb8 10. Na3 b5 11. Nc2 b4 12. Ne3 bxc3 13. bxc3 Be6 14. Bd2 Rb2 15. Qc1 Qb6 16. Nc4 Bxc4 17. dxc4 Rb8 18. h4 h5 19. Bd3 Ng4 20. f3 Nf6 21. Nf1 Ne8 22. Ne3 Bf6 23. Nd5 Qd8 24. Bg5 Bxg5 25. hxg5 Ne7 26. Nb4 Rxg2+ 27. Kxg2 cxb4 28. cxb4 Nc6 29. a3 Nd4 30. Kf2 Nc7 31. Qe3 Nce6 32. Rg1 Nf4 33. Rac1 Nh3+ 34. Kg2 Nf4+ 35. Kh1 Qd7 36. Rg3 a5 37. b5 Rc8 38. Bf1 Qe7 39. a4 Qe6 40. Kh2 Qe7 41. Bh3 Nxh3 42. Kxh3 Ne6 43. Kh4 Nf4 44. Rc2 f6 45. Rcg2 fxg5+ 46. Rxg5 Nxg2+ 47. Kg3 Nxe3 0-1


[Site "https://www.chess.com"]

[Event "Titled Tuesday Blitz February 07 Late 2023"]
[White "Hoffmann, Asa"]
[Black "ritanovikova"]
[WhiteFideId "2001470"]
[WhiteElo "2185"]
[BlackElo "2226"]
[Result "1-0"]
[Round "11"]
[TimeControl "180+2"]
[Date "2023.02.07"]
[WhiteClock "0:00:59"]
[BlackClock "0:00:06"]

1. d4 Nf6 2. Bg5 e6 3. Nd2 d5 4. e3 Be7 5. Bd3 h6 6. Bh4 c5 7. c3 Nc6 8. f4 Qb6 9. Rb1 Ng8 10. Bg3 Nf6 11. Ngf3 Bd7 12. O-O O-O 13. Ne5 cxd4 14. exd4 Rad8 15. Ndf3 Ne4 16. Nxd7 Rxd7 17. Bxe4 dxe4 18. Ne5 Rd5 19. Qe2 f5 20. Qh5 Nxe5 21. fxe5 Qd8 22. Bf4 Qe8 23. Qxe8 Rxe8 24. Be3 b5 25. a4 a6 26. axb5 axb5 27. b3 Rc8 28. Rfc1 Ba3 29. Rc2 g5 30. c4 bxc4 31. bxc4 Rd7 32. g3 Rf7 33. Rb6 Re8 34. c5 f4 35. gxf4 gxf4 36. Bd2 e3 37. Be1 f3 38. c6 Kh7 39. Bg3 Rg8 40. c7 f2+ 41. Kf1 Rff8 42. Rxe6 h5 43. Rf6 Rc8 44. d5 h4 45. Rc4 Rg6 46. Rxh4+ Kg7 47. Rxg6+ Kxg6 48. d6 Kf7 49. Ra4 Bc5 50. d7 Rxc7 51. d8=Q Re7 52. e6+ Rxe6 53. Rf4+ Kg6 54. Qg8+ 1-0


[Site "https://www.chess.com"]

[Event "Titled Tuesday Blitz February 07 Late 2023"]
[White "Kostiukov, Alexandr"]
[Black "Torres Dominguez, David"]
[WhiteFideId "14108100"]
[BlackFideId "2220857"]
[WhiteElo "2271"]
[BlackElo "1994"]
[Result "0-1"]
[Round "11"]
[TimeControl "180+2"]
[Date "2023.02.07"]
[WhiteClock "0:00:11"]
[BlackClock "0:00:47"]

1. g3 e5 2. Bg2 Nc6 3. c4 f5 4. Nc3 Nf6 5. e3 d5 6. cxd5 Nb4 7. d4 e4 8. Nh3 Nd3+ 9. Kf1 Bd6 10. f3 O-O 11. Kg1 exf3 12. Bxf3 Nxc1 13. Rxc1 Qe7 14. Qd3 Bd7 15. Nf4 Kh8 16. h4 Rae8 17. Re1 Rg8 18. h5 Rgf8 19. Rh4 Bxf4 20. Rxf4 Qf7 21. Rh4 Re7 22. Kg2 Rfe8 23. e4 fxe4 24. Nxe4 Bf5 25. Rf4 Nxd5 26. Ng5 Nxf4+ 27. gxf4 Qf6 28. Rxe7 Rxe7 29. Qc3 h6 30. Nh3 Bxh3+ 31. Kxh3 Qxf4 32. Kg2 Rf7 33. d5 Qxf3+ 34. Qxf3 Rxf3 35. Kxf3 g6 36. hxg6 Kg7 37. Kf4 Kxg6 0-1


[Site "https://www.chess.com"]

[Event "Titled Tuesday Blitz February 07 Late 2023"]
[White "Sailer, Mike"]
[Black "Nunez V, Gustavo Eduardo"]
[WhiteFideId "2012901"]
[BlackFideId "4403690"]
[WhiteElo "2109"]
[BlackElo "2212"]
[Result "1-0"]
[Round "11"]
[TimeControl "180+2"]
[Date "2023.02.07"]
[WhiteClock "0:00:09"]
[BlackClock "0:00:11"]

1. d4 Nf6 2. Nf3 g6 3. Bf4 Bg7 4. e3 h6 5. h3 d6 6. Be2 Nbd7 7. c4 c6 8. Nc3 a5 9. O-O O-O 10. a3 Qc7 11. b4 e5 12. Bh2 Re8 13. c5 axb4 14. axb4 Rxa1 15. Qxa1 Nd5 16. Nxd5 cxd5 17. Bb5 dxc5 18. bxc5 f6 19. Qa2 Kh7 20. Qxd5 Rd8 21. Qf7 Rf8 22. Qe7 Qd8 23. Qd6 exd4 24. exd4 f5 25. Re1 Nf6 26. Re7 Qxd6 27. Bxd6 Nd5 28. Re1 Rd8 29. Bc4 Nb6 30. Bb3 Nd7 31. Re7 Kh8 32. Bf7 Nf6 33. Bxg6 f4 34. Bd3 Bf5 35. Bxf5 Ra8 36. Rxb7 Ra1+ 37. Kh2 Ra8 38. Rb8+ Rxb8 39. Bxb8 Nd5 40. Be5 Nc3 41. Bxg7+ Kxg7 42. Be6 Ne2 43. d5 Kf6 44. c6 Nd4 45. c7 Nxe6 46. c8=Q Ng5 47. Qf8+ Kg6 48. Nxg5 hxg5 49. d6 Kh5 50. d7 g4 51. Qh8+ Kg5 52. d8=Q+ Kf5 53. Qhf8+ Ke4 54. Qfe7+ Kf5 55. Qdf8+ Kg6 56. Qeg7+ Kh5 57. Qfh8# 1-0


[Site "https://www.chess.com"]

[Event "Titled Tuesday Blitz February 07 Late 2023"]
[White "Gomes, Luiz Alexandre de Souza"]
[Black "Souza, Gustavo Horokoski De"]
[WhiteFideId "2102790"]
[BlackFideId "2146584"]
[WhiteElo "2254"]
[BlackElo "1943"]
[Result "1-0"]
[Round "11"]
[TimeControl "180+2"]
[Date "2023.02.07"]
[WhiteClock "0:01:54"]
[BlackClock "0:00:44"]

1. e4 e6 2. d4 d5 3. e5 c5 4. c3 Nc6 5. Nf3 Nge7 6. Bd3 Bd7 7. O-O Qb6 8. a3 c4 9. Bc2 Na5 10. Nbd2 Nec6 11. Ng5 Be7 12. Qh5 Bxg5 13. Qxg5 O-O 14. Nf3 f6 15. Qh5 f5 16. Ng5 h6 17. Nh3 Be8 18. Qh4 Nb3 19. Bxb3 Qxb3 20. Nf4 g5 21. Qg3 Bf7 22. h4 g4 23. f3 h5 24. fxg4 fxg4 25. Qe3 Qb6 26. Nxh5 Bxh5 27. Qg5+ Kh7 28. Qxh5+ Kg8 29. Qxg4+ Kh7 30. Qh5+ Kg8 31. Bh6 1-0


[Site "https://www.chess.com"]

[Event "Titled Tuesday Blitz February 07 Late 2023"]
[White "Balog, Imre"]
[Black "Gerbelli Neto, Eduardo"]
[WhiteFideId "728446"]
[BlackFideId "2103281"]
[WhiteElo "2615"]
[BlackElo "2114"]
[Result "1-0"]
[Round "11"]
[TimeControl "180+2"]
[Date "2023.02.07"]
[WhiteClock "0:00:18"]
[BlackClock "0:00:29"]

1. e4 e5 2. f4 Nc6 3. Nf3 f5 4. exf5 e4 5. Ne5 Nxe5 6. fxe5 Qe7 7. d4 exd3 8. Qh5+ Kd8 9. Qg5 Nf6 10. Qf4 Nd5 11. Qd4 Qb4+ 12. Qxb4 Nxb4 13. Bxd3 Bc5 14. Bg5+ Ke8 15. Nc3 Bd4 16. O-O-O Bxe5 17. Rhe1 d6 18. Bb5+ c6 19. Rxd6 cxb5 20. Rxe5+ Kf7 21. Re7+ Kf8 22. Rd8# 1-0


[Site "https://www.chess.com"]

[Event "Titled Tuesday Blitz February 07 Late 2023"]
[White "Sabar, Ethmane Daouda"]
[Black "Nilsen, Tobias Lang"]
[WhiteFideId "19600097"]
[BlackFideId "1521624"]
[WhiteElo "2040"]
[BlackElo "2247"]
[Result "1-0"]
[Round "11"]
[TimeControl "180+2"]
[Date "2023.02.07"]
[WhiteClock "0:00:08"]
[BlackClock "0:00:14"]

1. e4 c5 2. a3 d5 3. exd5 Nf6 4. c4 e6 5. dxe6 Bxe6 6. Nc3 Nc6 7. Nf3 Bg4 8. Be2 Be7 9. O-O O-O 10. b4 cxb4 11. axb4 Bxb4 12. Bb2 Re8 13. Re1 Bc5 14. h3 Bh5 15. Na4 Bxf3 16. Nxc5 Bxe2 17. Rxe2 Qb6 18. Ba3 Nd4 19. Rxe8+ Rxe8 20. Rb1 Qc6 21. Qa4 Qxa4 22. Nxa4 b6 23. Bb2 Nb3 24. Bc3 Nc5 25. Nxc5 bxc5 26. Bxf6 gxf6 27. Ra1 Re4 28. d3 Rd4 29. Ra3 Kf8 30. Kf1 Rd7 31. Ke2 Ke7 32. Ra6 Rc7 33. Ke3 Rb7 34. Ra5 Rc7 35. d4 cxd4+ 36. Kxd4 Ke6 37. Ra6+ Ke7 38. c5 Rd7+ 39. Kc4 Rd2 40. Rxa7+ Ke6 41. Ra6+ Ke5 42. f4+ Kf5 43. g4+ Kxf4 44. Rxf6+ Ke5 45. Rxf7 Rc2+ 46. Kb5 Kd5 47. Rd7+ Ke6 48. Rxh7 Kd5 49. Rd7+ Ke6 50. Rd3 Rc1 51. c6 Rb1+ 52. Kc5 Rc1+ 53. Kb6 Rb1+ 54. Kc7 Rc1 55. Kb7 Rb1+ 56. Kc8 Ke7 57. c7 Rb4 58. Rd7+ Ke8 59. Rd5 Ke7 60. g5 Rb3 61. h4 Rh3 62. Kb7 Rb3+ 63. Kc6 Rc3+ 64. Rc5 Rxc5+ 65. Kxc5 Kd7 66. g6 Kc8 67. g7 Kb7 68. g8=Q Ka6 69. h5 Kb7 70. h6 Ka6 71. c8=Q+ Ka5 72. Qge6 Ka4 73. Qb6 Ka3 74. Qa8# 1-0


[Site "https://www.chess.com"]

[Event "Titled Tuesday Blitz February 07 Late 2023"]
[White "Mione, Dario"]
[Black "Lucassen, Mickey"]
[WhiteFideId "806625"]
[BlackFideId "12919110"]
[WhiteElo "2228"]
[BlackElo "2023"]
[Result "1/2-1/2"]
[Round "11"]
[TimeControl "180+2"]
[Date "2023.02.07"]
[WhiteClock "0:00:09"]
[BlackClock "0:00:51"]

1. Nf3 d5 2. d4 Nc6 3. Bf4 Bf5 4. e3 e6 5. Bd3 Bxd3 6. Qxd3 Bd6 7. Bxd6 Qxd6 8. c3 Nf6 9. Nbd2 O-O 10. e4 dxe4 11. Nxe4 Nxe4 12. Qxe4 Rfe8 13. O-O e5 14. dxe5 Nxe5 15. Nxe5 Qxe5 16. Qxb7 Rab8 17. Qxa7 Rxb2 18. Qd4 Qa5 19. Rfe1 Rxe1+ 20. Rxe1 h6 21. a4 Ra2 22. h3 Qxa4 23. Qd8+ Kh7 24. Qd3+ g6 25. Re7 Qf4 26. Qf1 Rc2 27. g3 Qg5 28. Re3 Kg7 29. Kh2 c5 30. Qe1 Qf5 31. Kg2 Rb2 32. Re5 Rxf2+ 33. Qxf2 Qxe5 34. Qd2 Qe4+ 35. Kf2 c4 36. Qe3 Qc2+ 37. Kf3 Qd1+ 38. Kf2 Qc2+ 39. Kf3 Qf5+ 40. Ke2 Qxh3 41. Qd4+ Kh7 42. Qxc4 Qg2+ 43. Kd1 Qxg3 44. Qxf7+ Kh8 45. Qf8+ Kh7 46. Qf7+ Kh8 47. Qf8+ Kh7 48. Qf7+ 1/2-1/2


[Site "https://www.chess.com"]

[Event "Titled Tuesday Blitz February 07 Late 2023"]
[White "Li, Hui"]
[Black "Vaglio Munoz, Jaime"]
[WhiteFideId "15400310"]
[BlackFideId "6500145"]
[WhiteElo "1963"]
[BlackElo "2174"]
[Result "1/2-1/2"]
[Round "11"]
[TimeControl "180+2"]
[Date "2023.02.07"]
[WhiteClock "0:02:47"]
[BlackClock "0:03:01"]

1. e4 e6 2. d4 d5 3. Nd2 dxe4 4. Nxe4 Nf6 5. Nxf6+ Qxf6 6. Nf3 h6 7. Bd3 Nc6 8. c3 Bd6 9. Be3 O-O 10. O-O e5 11. dxe5 Nxe5 12. Nxe5 Bxe5 1/2-1/2


[Site "https://www.chess.com"]

[Event "Titled Tuesday Blitz February 07 Late 2023"]
[White "Ardila, Oscar Humberto"]
[Black "Slavin, Alexey"]
[WhiteFideId "4404742"]
[BlackFideId "24104388"]
[WhiteElo "1982"]
[BlackElo "2364"]
[Result "0-1"]
[Round "11"]
[TimeControl "180+2"]
[Date "2023.02.07"]
[WhiteClock "0:00:18"]
[BlackClock "0:01:27"]

1. d4 Nc6 2. Nf3 d6 3. h3 Nf6 4. c4 e5 5. d5 Ne7 6. Nc3 Ng6 7. g3 Be7 8. Bg2 h6 9. O-O Bd7 10. Qc2 O-O 11. Be3 a6 12. b4 Qc8 13. Kh2 Bf5 14. Qc1 Ne4 15. Nxe4 Bxe4 16. Nd2 Bxg2 17. Kxg2 f5 18. f4 exf4 19. Bxf4 Nxf4+ 20. gxf4 Bf6 21. Rb1 Qe8 22. Qd1 Qg6+ 23. Kh2 Rae8 24. Nf3 Qh5 25. Qd3 Re4 26. e3 Rfe8 27. Rbe1 Bh4 28. Re2 Bf6 29. a4 Kh8 30. b5 axb5 31. axb5 b6 32. Nd2 Rd4 33. exd4 Qxe2+ 34. Kg3 Qxd3+ 0-1


[Site "https://www.chess.com"]

[Event "Titled Tuesday Blitz February 07 Late 2023"]
[White "Barash, Anton"]
[Black "Romanchuk, Viktor"]
[WhiteFideId "30935229"]
[BlackFideId "14109271"]
[WhiteElo "2074"]
[BlackElo "2266"]
[Result "0-1"]
[Round "11"]
[TimeControl "180+2"]
[Date "2023.02.07"]
[WhiteClock "0:00:03"]
[BlackClock "0:00:06"]

1. e4 c6 2. d4 d5 3. Nc3 dxe4 4. f3 exf3 5. Nxf3 Bf5 6. Bd3 Bxd3 7. Qxd3 Nf6 8. Bd2 Nbd7 9. O-O-O e6 10. Rhg1 Qc7 11. g4 O-O-O 12. g5 Nd5 13. Ne4 e5 14. Kb1 exd4 15. Rdf1 Ne3 16. Bxe3 dxe3 17. Qxe3 Qb6 18. Qf4 Ba3 19. b3 Rhf8 20. Nd6+ Bxd6 21. Qxd6 Nc5 22. Qf4 f6 23. gxf6 Rxf6 24. Qg4+ Kb8 25. Qxg7 Rdf8 26. Nd2 Rxf1+ 27. Rxf1 Rxf1+ 28. Nxf1 a5 29. Qxh7 Qd8 30. Qh5 Qd4 31. Qe8+ Ka7 32. Qe2 b6 33. Ne3 Ne4 34. Nd1 a4 35. Qd3 Qe5 36. Nb2 Nc3+ 37. Kc1 Nxa2+ 38. Kb1 Nc3+ 39. Kc1 a3 40. Qd7+ Ka6 41. Qd3+ b5 42. Nd1 Nxd1 0-1


[Site "https://www.chess.com"]

[Event "Titled Tuesday Blitz February 07 Late 2023"]
[White "Stolz, Mike"]
[Black "Jorajuria Mendoza, Algol"]
[WhiteFideId "4617134"]
[BlackFideId "5128897"]
[WhiteElo "2330"]
[BlackElo "2069"]
[Result "0-1"]
[Round "11"]
[TimeControl "180+2"]
[Date "2023.02.07"]
[WhiteClock "0:00:04"]
[BlackClock "0:00:50"]

1. Nf3 d5 2. g3 c5 3. Bg2 Nc6 4. d4 cxd4 5. Nxd4 e5 6. Nxc6 bxc6 7. c4 Nf6 8. Nc3 Be6 9. Qa4 Qd7 10. Bg5 e4 11. Bxf6 gxf6 12. O-O-O Bh6+ 13. Kb1 O-O 14. cxd5 Bf5 15. dxc6 Qe6 16. Bxe4 Rac8 17. Ka1 Bxe4 18. Qxe4 Qxc6 19. Qg4+ Kh8 20. Nd5 Rfd8 21. e4 Qc2 22. Qf3 Bg7 23. Ne7 f5 24. e5 Bxe5 25. Rxd8+ Rxd8 26. Qb3 Qxb3 27. axb3 Rd2 28. Nxf5 Rxb2 29. Nh4 a5 30. h3 Kg7 0-1


[Site "https://www.chess.com"]

[Event "Titled Tuesday Blitz February 07 Late 2023"]
[White "Gonzalez, Francisco Silva"]
[Black "Floresvillar Gonzalez, Luis Migu"]
[WhiteFideId "1512285"]
[BlackFideId "5100542"]
[WhiteElo "2021"]
[BlackElo "2043"]
[Result "1-0"]
[Round "11"]
[TimeControl "180+2"]
[Date "2023.02.07"]
[WhiteClock "0:01:03"]
[BlackClock "0:00:02"]

1. d4 d6 2. e4 g6 3. c4 Bg7 4. Ne2 c6 5. Nbc3 a6 6. a4 b6 7. h4 h5 8. Ng1 Bb7 9. Nh3 Nd7 10. Ng5 Ngf6 11. Be2 e6 12. Be3 c5 13. d5 exd5 14. cxd5 Qe7 15. f4 b5 16. axb5 axb5 17. Rxa8+ Bxa8 18. e5 dxe5 19. d6 Qd8 20. Qb3 O-O 21. Qxb5 exf4 22. Bxf4 Bxg2 23. Rg1 Bd5 24. Kf2 Re8 25. Qd3 Rxe2+ 26. Kxe2 c4 27. Qd4 Qa5 28. Qd2 Qc5 29. Qe3 Qb4 30. Nxd5 Nxd5 31. Qe8+ Nf8 32. Qxf7+ Kh8 33. Qxd5 Qxb2+ 34. Qd2 c3 35. Qxb2 cxb2 36. Be5 Nd7 37. Bxg7+ Kxg7 38. Rf1 Ne5 39. Ne6+ Kh6 40. Kd2 1-0


[Site "https://www.chess.com"]

[Event "Titled Tuesday Blitz February 07 Late 2023"]
[White "lisjakzlatko1"]
[Black "Rose, Felix"]
[BlackFideId "5105722"]
[WhiteElo "2213"]
[BlackElo "2091"]
[Result "0-1"]
[Round "11"]
[TimeControl "180+2"]
[Date "2023.02.07"]
[WhiteClock "0:00:10"]
[BlackClock "0:00:57"]

1. d4 d5 2. Nc3 Nf6 3. Bf4 c5 4. e3 cxd4 5. exd4 a6 6. Nf3 Nc6 7. Bd3 Bg4 8. Be2 e6 9. O-O Bd6 10. Ne5 Bxe2 11. Nxe2 Rc8 12. c3 O-O 13. Qb3 b5 14. a4 Qb6 15. Ng3 Rfd8 16. h4 b4 17. h5 h6 18. Qd1 bxc3 19. bxc3 Ne7 20. Rb1 Qc7 21. Rb3 Qa5 22. Qf3 Qxa4 23. Rb7 Rc7 24. Rxc7 Bxc7 25. Nxf7 Kxf7 26. Bxc7 Rc8 27. Be5 Qa3 28. Qf4 Ng8 0-1


[Site "https://www.chess.com"]

[Event "Titled Tuesday Blitz February 07 Late 2023"]
[White "Manu_ChessExcelsior"]
[Black "De Arruda, Leandro Formes"]
[BlackFideId "22722009"]
[WhiteElo "1881"]
[BlackElo "1980"]
[Result "0-1"]
[Round "11"]
[TimeControl "180+2"]
[Date "2023.02.07"]
[WhiteClock "0:00:05"]
[BlackClock "0:00:04"]

1. e4 e6 2. d4 d5 3. e5 c5 4. c3 Nc6 5. Nf3 Qb6 6. Bd3 Bd7 7. O-O cxd4 8. Re1 h6 9. Nbd2 a5 10. c4 Nb4 11. Bb1 Bc5 12. a3 Nc6 13. cxd5 exd5 14. Nb3 Nge7 15. Nxc5 Qxc5 16. b4 Qb6 17. Bb2 axb4 18. Nxd4 bxa3 19. Bc3 Qc5 20. Re3 Be6 21. Nxe6 fxe6 22. Qh5+ Kd7 23. Qg4 h5 24. Qxg7 Rag8 25. Qf6 d4 26. Rd3 Nd5 27. Qf7+ Nce7 28. Bd2 Rf8 29. Qg7 Rhg8 30. Qh7 Rf5 31. Ba2 Rgf8 32. Rc1 Qb6 33. Be1 Qb2 34. Rcd1 Qxa2 35. Rxd4 Rxf2 36. Rxd5+ exd5 37. e6+ Kxe6 38. Qh6+ Kd7 0-1


[Site "https://www.chess.com"]

[Event "Titled Tuesday Blitz February 07 Late 2023"]
[White "Tinmaz, Kerem"]
[Black "Tarnowska, Aleksandra"]
[WhiteFideId "44559151"]
[BlackFideId "1180967"]
[WhiteElo "2177"]
[BlackElo "1835"]
[Result "0-1"]
[Round "11"]
[TimeControl "180+2"]
[Date "2023.02.07"]
[WhiteClock "0:00:02"]
[BlackClock "0:00:07"]

1. e4 c5 2. Nc3 Nc6 3. Bb5 g6 4. Bxc6 bxc6 5. d3 Bg7 6. Bd2 d5 7. Nge2 Rb8 8. b3 dxe4 9. Nxe4 c4 10. bxc4 Bf5 11. Bc3 Bxc3+ 12. N2xc3 Bxe4 13. Nxe4 Qd4 14. O-O Nf6 15. Nxf6+ Qxf6 16. Rb1 O-O 17. Qd2 Rb2 18. Rxb2 Qxb2 19. a4 Rb8 20. f4 e6 21. h4 Rb3 22. h5 Rc3 23. Rf2 Ra3 24. Qe3 Ra1+ 25. Kh2 Qf6 26. Kg3 gxh5 27. Qf3 h4+ 28. Kh3 Rh1+ 29. Kg4 Qf5# 0-1


[Site "https://www.chess.com"]

[Event "Titled Tuesday Blitz February 07 Late 2023"]
[White "Winkels, Marcel"]
[Black "Kovacs, Klara"]
[WhiteFideId "1003887"]
[BlackFideId "733210"]
[WhiteElo "1960"]
[BlackElo "2121"]
[Result "1-0"]
[Round "11"]
[TimeControl "180+2"]
[Date "2023.02.07"]
[WhiteClock "0:00:34"]
[BlackClock "0:01:22"]

1. e4 e6 2. d4 d5 3. e5 c5 4. c3 Nc6 5. Nf3 Bd7 6. Bd3 cxd4 7. O-O Nh6 8. cxd4 f6 9. Nc3 Nf7 10. exf6 gxf6 11. Re1 Be7 12. Qc2 Nb4 13. Qd1 Nxd3 14. Qxd3 O-O 15. Bf4 Rc8 16. Rac1 a6 17. Ne2 Kh8 18. Ng3 Qb6 19. b3 Rg8 20. Nh5 Rg6 21. Rxc8+ Bxc8 22. Rc1 Bd7 23. g3 Bb5 24. Qd2 Ba3 25. Rc8+ Rg8 26. Rxg8+ Kxg8 27. Nxf6+ Kg7 28. Nh5+ Kf8 29. Bh6+ Ke8 30. Nf6+ Ke7 31. Nxh7 Qc7 32. Bf8+ Kd8 33. Bxa3 a5 34. Ne5 Nxe5 35. Qg5+ Kc8 36. Qxe5 Qc3 37. Qxe6+ Kb8 38. Bd6+ Ka7 39. Bc5+ Kb8 40. Bb6 Qc1+ 41. Kg2 Bf1+ 42. Kf3 Qd1+ 43. Kf4 Qd2+ 44. Qe3 Qc2 45. Qe8+ Qc8 46. Qxc8+ Kxc8 47. Nf6 1-0


[Site "https://www.chess.com"]

[Event "Titled Tuesday Blitz February 07 Late 2023"]
[White "Antonova, Nadezhda"]
[Black "Jesusesmifuerza"]
[WhiteFideId "14700182"]
[WhiteElo "1945"]
[BlackElo "2043"]
[Result "1-0"]
[Round "11"]
[TimeControl "180+2"]
[Date "2023.02.07"]
[WhiteClock "0:00:17"]
[BlackClock "0:00:06"]

1. Nf3 d5 2. b3 Bf5 3. Bb2 e6 4. g3 Nf6 5. Bg2 h6 6. O-O c6 7. d3 Nbd7 8. Nbd2 Bd6 9. a3 O-O 10. Qe1 Bh7 11. e4 dxe4 12. dxe4 e5 13. Rd1 Qe7 14. Nc4 Bc7 15. Nh4 b5 16. Nd2 Bd6 17. Ra1 a5 18. a4 Nc5 19. axb5 cxb5 20. Nf5 Bxf5 21. exf5 Ra7 22. Bc6 b4 23. Nc4 Qc7 24. Bg2 Nfd7 25. f6 Nxf6 26. Bxe5 Bxe5 27. Qxe5 Qxe5 28. Nxe5 Re8 29. Nc6 Ra6 30. Nxa5 Re2 31. Rfc1 Nfe4 32. Bf1 Nc3 33. Kg2 Ree6 34. Bxa6 Rxa6 35. Nc4 Re6 36. Ne3 Rd6 37. Ra8+ Kh7 38. Rb8 Na6 39. Rb7 Rc6 40. Rxf7 Ne2 41. Rd1 Nc3 42. Rdd7 Rg6 43. Nf5 Nc5 44. Rxg7+ Rxg7 45. Rxg7+ Kh8 46. Rc7 N5e4 47. Nxh6 Nd2 48. Ng4 Na2 49. Nf6 1-0


[Site "https://www.chess.com"]

[Event "Titled Tuesday Blitz February 07 Late 2023"]
[White "Bodek, Michael"]
[Black "Marcolino, Daniel Mattos"]
[WhiteFideId "2043858"]
[BlackFideId "2106841"]
[WhiteElo "2434"]
[BlackElo "2006"]
[Result "1-0"]
[Round "11"]
[TimeControl "180+2"]
[Date "2023.02.07"]
[WhiteClock "0:00:38"]
[BlackClock "0:00:06"]

1. d4 d5 2. Nf3 Nf6 3. Bf4 c5 4. e3 Nc6 5. Nc3 a6 6. Bd3 Bg4 7. Be2 e6 8. Ne5 Bxe2 9. Qxe2 cxd4 10. Nxc6 bxc6 11. exd4 Bb4 12. O-O Bxc3 13. bxc3 O-O 14. Bg5 h6 15. Bh4 Qa5 16. Bxf6 gxf6 17. Qf3 f5 18. Rfe1 c5 19. Re3 Kh7 20. Qh5 Qd8 21. c4 dxc4 22. d5 Qf6 23. Rae1 Rfe8 24. Qe2 Rad8 25. dxe6 Rxe6 26. h3 Rxe3 27. Qxe3 Rd4 28. Qe8 Re4 29. Rxe4 fxe4 30. Qxe4+ Kg7 31. Qxc4 Qa1+ 32. Kh2 Qf6 33. Kg3 Qg5+ 34. Qg4 Kf6 35. Qxg5+ Kxg5 36. h4+ Kf5 37. Kf3 h5 38. g3 Ke5 39. Ke3 Kf5 40. f3 Ke5 41. g4 hxg4 42. fxg4 1-0


[Site "https://www.chess.com"]

[Event "Titled Tuesday Blitz February 07 Late 2023"]
[White "Michalski, Olaf"]
[Black "Mohammadian, Mohammad"]
[WhiteFideId "1106740"]
[BlackFideId "12566055"]
[WhiteElo "2273"]
[BlackElo "1398"]
[Result "1-0"]
[Round "11"]
[TimeControl "180+2"]
[Date "2023.02.07"]
[WhiteClock "0:01:21"]
[BlackClock "0:00:23"]

1. d4 Nf6 2. c4 g6 3. Nc3 d5 4. cxd5 Nxd5 5. e4 Nxc3 6. bxc3 Bg7 7. Be3 c5 8. Qd2 Nc6 9. d5 Ne5 10. h3 b6 11. f4 Nd7 12. Rd1 Bb7 13. e5 O-O 14. c4 Re8 15. Nf3 Nf8 16. Be2 h5 17. O-O Kh7 18. Ng5+ Kg8 19. Bf3 Qc7 20. Qe2 Rad8 21. Ne4 f5 22. Ng5 Ba6 23. Rc1 Bb7 24. e6 Rd6 25. Nf7 Rdd8 26. Nxd8 Rxd8 27. g4 hxg4 28. hxg4 fxg4 29. Bxg4 Bf6 30. Qd3 Kg7 31. Kf2 Bd4 32. Kg3 Bxe3 33. Qxe3 Qd6 34. Qc3+ Kg8 35. Rh1 Nh7 36. Rxh7 Kxh7 37. Rh1+ Kg8 38. Rh8# 1-0


[Site "https://www.chess.com"]